 Dungeon Crawl Stone Soup version 0.19.5 (webtiles) character file.

247 Jumperg the Skirmisher (level 5, -8/43 HPs)
             Began as a Demonspawn Abyssal Knight on May 16, 2017.
             Was a Priest of Lugonu.
             Killed by divine providence
             ... invoked by an orc priest
              (16 damage)
             ... on level 4 of the Dungeon.
             The game lasted 01:11:31 (4462 turns).

Jumperg the Skirmisher (Demonspawn Abyssal Knight)  Turns: 4462, Time: 01:11:32

Health: -8/43      AC:  5    Str: 13    XL:     5   Next: 85%
Magic:  7/8        EV: 10    Int: 14    God:    Lugonu [***...]
Gold:   224        SH:  0    Dex: 12    Spells: 0 memorised, 8 levels left

rFire  . . .     SeeInvis .     y - -3 hand axe (curse)
rCold  . . .     Gourm    .     w - +0 ring mail
rNeg   . . .     Faith    .     (no shield)
rPois  .         Spirit   .     (helmet restricted)
rElec  .         Reflect  .     (no cloak)
rCorr  .         Harm     .     (no gloves)
MR     +....                    (no boots)
Stlth  +.........               (no amulet)
                                (no ring)
                                o - ring of protection from magic

@: no status effects
A: horns 1
a: Depart the Abyss, Bend Space, Banish, Renounce Religion


You were on level 4 of the Dungeon.
You worshipped Lugonu.
Lugonu was most pleased with you.
You were hungry.

You visited 1 branch of the dungeon, and saw 4 of its levels.
You visited the Abyss 1 time.

You collected 224 gold pieces.

Inventory:

Hand Weapons
 a - a +1 hand axe
 h - a +0 short sword of electrocution
 v - a +0 hunting sling
 y - a cursed -3 hand axe (weapon)
 D - the +4 rapier "Edisch" {drain, *Contam rPois Int+3, unknown}
   (You found it on level 4 of the Dungeon)

   A truly terrible weapon, it drains the life of those it strikes.
   It affects your intelligence (+3).
   It protects you from poison.
   It causes magical contamination when unequipped.
Missiles
 f - 109 stones (quivered)
 q - 40 bolts
 z - 3 tomahawks
 A - 19 sling bullets
Armour
 w - a +0 ring mail (worn)
Jewellery
 i - a cursed ring of loudness {unknown}
 o - a ring of protection from magic (left hand)
Scrolls
 e - 2 scrolls of teleportation
 j - a scroll of amnesia
 k - 2 scrolls of enchant armour
 l - a scroll of remove curse {unknown}
 n - 4 scrolls of recharging
 p - a scroll of random uselessness {unknown}
 s - a scroll of enchant weapon {unknown}
 u - a scroll of noise {unknown}
 C - a scroll of fog {unknown}
Potions
 d - 2 potions of degeneration {unknown}
 g - 2 potions of haste {unknown}
 r - a potion of lignification {unknown}
 t - 3 potions of curing {unknown}
 x - a potion of ambrosia {unknown}
 B - a potion of berserk rage {unknown}
Comestibles
 b - 2 meat rations
 c - 4 bread rations
 m - 2 beef jerkies
 E - 2 chunks of flesh


   Skills:
 + Level 4.6 Fighting
 + Level 3.1 Axes
 - Level 2.5 Armour
 - Level 0.8 Dodging
 + Level 2.3 Spellcasting
 - Level 2.6 Invocations


You had 8 spell levels left.
You didn't know any spells.

Dungeon Overview and Level Annotations

Branches:
Dungeon (4/15)
 Temple: D:4-7

Altars:
Cheibriados
Okawaru
Qazlal
Vehumet


Innate Abilities, Weirdness & Mutations

You have a pair of small horns on your head.


Message History

You hit the orc priest but do no damage.
The orc priest is moderately wounded.
You barely miss the orc.
The orc priest hits you with a falchion.
* * * LOW HITPOINT WARNING * * *
The orc hits you but does no damage. The orc priest misses you.
You hit the orc priest but do no damage.
The orc priest is moderately wounded.
You hit the orc but do no damage. The orc hits you with a dagger.
* * * LOW HITPOINT WARNING * * *
The orc priest barely misses you.
You aren't in the Abyss!
Space bends around you!
You blink.
* * * LOW HITPOINT WARNING * * *
The orc priest begins to cast a cantrip, but forgets the words!
The orc priest calls upon Beogh to heal the orc.
The orc's wounds heal themselves!
The orc priest mumbles some strange prayers to Beogh against you.
Beogh smites you!
You die...

#.######.......##.##....)....##.
#..oo..#.......##.##.........##.
######.#.o.........#.........##.
#.#.............##########.
#l#.....##...##.## #.
#.###...#.....#..# ## #o#
#......_.....# #### #######.#
#...#o....#..### #... ..o.....#
#...##@..##....# #... o########
##.............# #... .#
#.............# #... l#
#########.....#####... .#
#.........'... .# #.....#####...
{# #[##### #... .# ###+### ####
.# .......


You could see an orc priest and an orc.

Vanquished Creatures
  2 howler monkeys (D:4)
  A hound (D:4)
  A hound skeleton (D:4)
  2 adders (D:4)
  2 adder skeletons
  A worm (D:2)
  2 dart slugs (D:1)
  4 leopard geckos
  5 orcs
  8 giant cockroaches
  6 goblins
  6 hobgoblins
  14 jackals
  2 quokkas
  3 ball pythons
  7 bats
  5 frilled lizards
  6 kobolds
  6 rats
83 creatures vanquished.

Notes
Turn   | Place    | Note
-------+----------+-------------------------------------------
     0 | Abyss:1  | Jumperg the Demonspawn Abyssal Knight began the quest for the Orb.
     0 | Abyss:1  | Reached XP level 1. HP: 18/18 MP: 2/2
    33 | D:1      | Escaped the Abyss
   262 | D:1      | Gained mutation: You have a pair of small horns on your head. [demonic ancestry]
   262 | D:1      | Reached XP level 2. HP: 24/24 MP: 3/3
  1226 | D:1      | Reached XP level 3. HP: 29/29 MP: 4/4
  1495 | D:2      | Reached ** piety under Lugonu
  2519 | D:3      | Found a stormy altar of Qazlal.
  2521 | D:3      | Found a snail-covered altar of Cheibriados.
  2522 | D:3      | Found a radiant altar of Vehumet.
  2557 | D:3      | Noticed an ogre
  2559 | D:3      | Reached XP level 4. HP: 36/37 MP: 5/5
  2681 | D:2      | Reached skill level 4 in Fighting
  2903 | D:3      | Reached skill level 1 in Spellcasting
  3330 | D:3      | Reached *** piety under Lugonu
  3681 | D:4      | Found an iron altar of Okawaru.
  3696 | D:4      | Reached XP level 5. HP: 39/42 MP: 7/7
  3713 | D:4      | Got an encrusted rapier
  4462 | D:4      | Killed from afar by an orc priest

Skill      XL: |  1  2  3  4  5 |
---------------+----------------+-----
Armour         | 2 |  2.5
Axes           | 2 3 |  3.1
Fighting       | 4 |  4.6
Spellcasting   | 1 2 |  2.3
Dodging        | |  0.8
Invocations    | |  2.6

Action                   |  1- 3 |  4- 6 || total
-------------------------+-------+-------++-------
Melee: Hand axe          |   146 |   232 ||   378
       Headbutt          |    26 |    36 ||    62
 Fire: Hunting sling     |     3 |       ||     3
Throw: Tomahawk          |       |     3 ||     3
Invok: Bend Space        |       |     1 ||     1
  Use: Scroll            |     4 |     1 ||     5
  Eat: Chunk             |     5 |     6 ||    11
Armor: Leather armour    |    10 |       ||    10
       Ring mail         |    54 |   103 ||   157
Dodge: Dodged            |    97 |   175 ||   272
